 Dungeon Crawl Stone Soup version 0.29-a0-359-g541a27f54d (webtiles) character file.

Game seed: 9197634378467263760

21 Colgate the Sneak (level 3, 21/21 HPs)
             Began as a Kobold Brigand on Apr 27, 2022.
             Was a Follower of Fedhas.
             Got out of the dungeon alive.
             The game lasted 00:01:33 (1390 turns).

Colgate the Sneak (Kobold Brigand)                  Turns: 1390, Time: 00:01:34

Health: 21/21      AC:  3    Str:  8    XL:     3   Next: 2%
Magic:  3/3        EV: 14    Int: 12    God:    Fedhas [*.....]
Gold:   13         SH:  0    Dex: 18    Spells: 2/2 levels left

rFire   . . .      SeeInvis .   b - +0 dagger (venom)
rCold   . . .      Faith    .   (no shield)
rNeg    . . .      Spirit   .   p - +0 robe
rPois   .          Reflect  .   (no helmet)
rElec   .          Harm     .   c - +0 cloak
rCorr   .          Rampage  .   (no gloves)
Will    .....                   (no boots)
Stlth   ++++......              (no amulet)
HPRegen 0.07/turn               (no ring)
MPRegen 0.08/turn               (no ring)

@: no status effects
A: small, no large weapons, nightstalker 3
a: Renounce Religion


You escaped.
You worshipped Fedhas.
Fedhas was aware of your devotion.
You visited 1 branch of the dungeon, and saw 2 of its levels.

You collected 13 gold pieces.

Inventory:

Hand Weapons
 a - a +2 dagger
 b - a +0 dagger of venom (weapon)
Missiles
 d - 9 poisoned darts (quivered)
 e - 3 curare-tipped darts
 k - 4 atropa-tipped darts
Armour
 c - a +0 cloak (worn)
 p - a +0 robe (worn)
Magical Staves
 h - a staff of poison
 q - a staff of cold
Scrolls
 f - a scroll of fog {unknown}
 g - 2 scrolls of teleportation {unknown}
 i - a scroll of enchant armour {unknown}
 j - 3 scrolls of identify {unknown}
 m - a scroll of blinking {unknown}
 n - a scroll of silence {unknown}
 r - a scroll of enchant weapon {unknown}
Potions
 l - a potion of invisibility {unknown}
 o - a potion of heal wounds {unknown}


   Skills:
 - Level 2.1 Fighting
 + Level 4.4 Short Blades
 - Level 2.1 Throwing
 - Level 1.2 Dodging
 - Level 5.3 Stealth


You had 2 spell levels left.
You didn't know any spells.
Your spell library contained the following spells:

 Spells                   Type           Power      Damage    Failure   Level
 Animate Skeleton         Necr           0%         N/A       32%         1
 Pain                     Necr           0%         1d4       32%         1
 Confusing Touch          Hex            0%         N/A       69%         3
 Vampiric Draining        Necr           0%         2d6       69%         3
 Yara's Violent Unravell  Hex/Tmut       0%         3d3       100%        5
 Enfeeble                 Hex            0%         N/A       100%        7


Dungeon Overview and Level Annotations

Branches:
Dungeon (2/15)

Altars:
Fedhas


Innate Abilities, Weirdness & Mutations

You are small and have problems with some larger weapons.
You are completely attuned to the shadows.


Message History

Key pressed, stopping explore.
No target in view!
You see here a +0 whip.
r - a scroll labelled ANEWIZ RIOCS No target in view!
Key pressed, stopping explore.
No target in view!
Key pressed, stopping explore.
No target in view!
Found a stone staircase leading up.
No target in view!
Key pressed, stopping explore.
No target in view!
You now have 13 gold pieces (gained 9).
There is a stone staircase leading up here.
A kobold comes into view. It is wielding a +0 club.
A kobold is nearby!
A kobold is nearby!
The helpless kobold fails to defend itself.
You impale the kobold!!
You kill the kobold!
Fedhas appreciates your contribution to the ecosystem.
You have reached level 3!
Your experience leads to an increase in your attributes!
Increase (S)trength, (I)ntelligence, or (D)exterity?
You feel agile. x2
Okay, then.
(D) Dungeon
Where to? (Enter - D:2, ? - help)
What level of the Dungeon? (default 1, ? - help)
There is a stone staircase leading up here.
You climb upwards.
There is a stone staircase leading down here.
You see here a +0 club.
There is an open gate here.
There is a staircase leading out of the dungeon here.
Are you sure you want to leave the Dungeon?
This will make you lose the game!
Alright, then stay!
Are you sure you want to leave the Dungeon?
This will make you lose the game!
You have escaped!

##### #.# #...#
#.....##.... #.#
##'''####.###.##.###
#.###8...8##.........# #
#.##.......##.######.###
♣#####.........#####♣
#....
♣.......8...8.......♣
#####
♣♣.................♣♣
♣................♣♣
♣♣♣♣♣..8.@.8....♣♣
♣♣♣.......♣♣♣ ♣♣♣.♣♣♣♣♣
♣♣♣


There were no monsters in sight!

Vanquished Creatures
  A dart slug (D:2)
  4 bats
  2 goblins (D:1)
  3 hobgoblins (D:1)
  2 quokkas
  3 ball pythons
  2 kobolds
  2 rats (D:1)
19 creatures vanquished.

Notes
Turn   | Place    | Note
-------+----------+-------------------------------------------
     0 | D:1      | Colgate the Kobold Brigand began the quest for the Orb.
     0 | D:1      | Reached XP level 1. HP: 12/12 MP: 1/1
   103 | D:1      | Reached XP level 2. HP: 8/17 MP: 2/2
   818 | D:1      | Found a faded altar of an unknown god.
  1109 | D:1      | Prayed at the altar of an unknown god.
  1109 | D:1      | Became a worshipper of Fedhas Madash
  1109 | D:1      | Reached * piety under Fedhas
  1355 | D:2      | Reached XP level 3. HP: 21/21 MP: 3/3
  1390 | D:$      | Got out of the dungeon alive.

Illustrated notes

Levels and vault maps discovered:
D:1:      kennysheep_arrival_forest, layout_loops_ring,
          ebering_ecumenical_altar_rust, minmay_strange_pillars
D:2:      layout_basic

Skill      XL: |  1  2 |
---------------+-------+-----
Short Blades   | 3 4 |  4.4
Fighting       | |  2.1
Throwing       | |  2.1
Dodging        | |  1.2
Stealth        | |  5.3

Action                   || total
-------------------------++-------
Melee: Dagger            ||    43
 Stab: Sleeping          ||     7
       Distracted        ||     1
Armor: Robe              ||     4
Dodge: Dodged            ||    28

Table legend: (Time is in decaauts)
 A = Elapsed time spent in this place.
 B = Non-inter-level travel time spent in this place.
 C = Inter-level travel time spent in this place.
 D = Time resting spent in this place.
 E = Time spent auto-exploring this place.
 F = Levels seen in this place.
 G = Mean time per level.
                   A        B        C        D        E       F      G
               +--------+--------+--------+--------+--------+-----+--------+
         Total |   1382 |   1161 |    221 |      0 |   1034 |   2 |  691.0 |
       Dungeon |   1382 |   1161 |    221 |      0 |   1034 |   2 |  691.0 |
               +--------+--------+--------+--------+--------+-----+--------+

Top non-repeatable levels by time:
     D:1: 1241 daAuts
     D:2: 141 daAuts
